TOP OF THE 1ST |
Colorado Rockies batting - Pitching for Atlanta Braves : LHP Nolan Stefanski
|
Pitching: LHP Nolan Stefanski
|
|
Batting: SHB Eddie Quinones
|
0-0: Called Strike 0-1: Foul Ball, location: 2F 0-2: Strikes out looking
|
Batting: LHB Freddy Troncoso
|
0-0: Called Strike 0-1: Swinging Strike 0-2: Strikes out swinging
|
Batting: RHB Cesar Breceda
|
0-0: Ball 1-0: Ball 2-0: Ball 3-0: Base on Balls
|
Batting: RHB Henry Alvizo
|
0-0: Called Strike 0-1: Ball 1-1: Ball 2-1: Fly out, F8 (Flyball, 8RM, EV 88.1 MPH)
|
Top of the 1st over - 0 runs, 0 hits, 0 errors, 1 left on base; Colorado 0 - Atlanta 0 |
BOTTOM OF THE 1ST |
Atlanta Braves batting - Pitching for Colorado Rockies : RHP Sean Parks
|
Pitching: RHP Sean Parks
|
|
Batting: RHB Yasuhide Kasahara
|
0-0: Ball 1-0: Foul Ball, location: 2F 1-1: Ball 2-1: Swinging Strike 2-2: Foul Ball, location: 2F 2-2: Ball 3-2: Ground out 6-3 (Groundball, 6, EV 80.6 MPH)
|
Batting: SHB Floyd-William Goof
|
0-0: Ball 1-0: Ball 2-0: Ball 3-0: Base on Balls
|
Batting: LHB Erik Gretzky
|
0-0: Ball 1-0: SINGLE (Flyball, 8RS, EV 96.9 MPH) Floyd-William Goof to second
|
Batting: RHB Ike Trout
|
0-0: Called Strike 0-1: Foul Ball, location: 2F 0-2: Strikes out swinging
|
Batting: RHB Kevin Howard
|
0-0: Ball 1-0: Foul Ball, location: 2F 1-1: Foul Ball, location: 2F 1-2: Ball 2-2: Foul Ball, location: 2F 2-2: DOUBLE (Line Drive, 7LS, EV 93.8 MPH) Floyd-William Goof scores Erik Gretzky to third Runner from 3rd tries for Home, SAFE, throw by LF to home
|
Batting: RHB J.J. Powers
|
0-0: Called Strike 0-1: Swinging Strike 0-2: Ball 1-2: Ball 2-2: Ball 3-2: Fly out, F9 (Flyball, 9S, EV 84.4 MPH)
|
Bottom of the 1st over - 2 runs, 2 hits, 0 errors, 1 left on base; Colorado 0 - Atlanta 2 |
TOP OF THE 2ND |
Colorado Rockies batting - Pitching for Atlanta Braves : LHP Nolan Stefanski
|
Batting: SHB Andy Vivas
|
0-0: Called Strike 0-1: Fly out, F9 (Flyball, 9, EV 86.2 MPH)
|
Batting: LHB Shawn Morrison
|
0-0: Ball 1-0: Ball 2-0: Ball 3-0: Called Strike 3-1: Called Strike 3-2: Strikes out swinging
|
Batting: SHB Jon Munoz
|
0-0: Called Strike 0-1: Called Strike 0-2: Foul Ball, location: 2F 0-2: Ground out U3 (Groundball, 34S, EV 94.4 MPH)
|
Top of the 2nd over - 0 runs, 0 hits, 0 errors, 0 left on base; Colorado 0 - Atlanta 2 |
BOTTOM OF THE 2ND |
Atlanta Braves batting - Pitching for Colorado Rockies : RHP Sean Parks
|
Batting: RHB Zheng-ze King
|
0-0: Ball 1-0: Ball 2-0: Ground out 6-3 (Groundball, 6, EV 91.2 MPH)
|
Batting: RHB Shigem Kubo
|
0-0: Ball 1-0: Called Strike 1-1: Called Strike 1-2: Foul Ball, location: 2F 1-2: SINGLE (Groundball, 4MD, EV 93.8 MPH)
|
Batting: RHB Liangde Li
|
0-0: Ball 1-0: Swinging Strike 1-1: Swinging Strike 1-2: Ball 2-2: Ball 3-2: Base on Balls Shigem Kubo to second
|
Batting: RHB Yasuhide Kasahara
|
0-0: Called Strike 0-1: Called Strike 0-2: Ball 1-2: Ball 2-2: SINGLE (Groundball, 4MD, EV 103.8 MPH) Shigem Kubo to third Liangde Li to second Runner from 3rd tries for Home, SAFE, throw by CF to home Liangde Li to third Yasuhide Kasahara to second
|
Batting: SHB Floyd-William Goof
|
0-0: Called Strike 0-1: Ball 1-1: Swinging Strike 1-2: Ball 2-2: Ball 3-2: Foul Ball, location: 2F 3-2: Strikes out looking
|
Batting: LHB Erik Gretzky
|
0-0: Ball 1-0: Ball 2-0: Swinging Strike 2-1: Called Strike 2-2: Strikes out swinging
|
Bottom of the 2nd over - 1 run, 2 hits, 0 errors, 2 left on base; Colorado 0 - Atlanta 3 |
TOP OF THE 3RD |
Colorado Rockies batting - Pitching for Atlanta Braves : LHP Nolan Stefanski
|
Batting: LHB Bi-jun Chien
|
0-0: Foul Ball, location: 2F 0-1: Ball 1-1: Ball 2-1: Swinging Strike 2-2: Foul Ball, location: 2F 2-2: Ball 3-2: SINGLE (Line Drive, 9S, EV 102.5 MPH)
|
Batting: LHB Andy Bowman
|
0-0: Called Strike 0-1: Ball 1-1: Called Strike 1-2: Foul Ball, location: 2F 1-2: Ball 2-2: Strikes out swinging
|
Batting: SHB Eddie Quinones
|
0-0: Foul Ball, location: 2F 0-1: Called Strike Bi-jun Chien steals 2nd base (no throw) 0-2: Foul Ball, location: 2F 0-2: Ball 1-2: Strikes out swinging
|
Batting: LHB Freddy Troncoso
|
0-0: Foul Ball, location: 2F 0-1: Fly out, F9 (Flyball, 9LM, EV 98.1 MPH)
|
Top of the 3rd over - 0 runs, 1 hit, 0 errors, 1 left on base; Colorado 0 - Atlanta 3 |
BOTTOM OF THE 3RD |
Atlanta Braves batting - Pitching for Colorado Rockies : RHP Sean Parks
|
Batting: RHB Ike Trout
|
0-0: Ball 1-0: SINGLE (Groundball, 5D, EV 95.6 MPH)
|
Batting: RHB Kevin Howard
|
0-0: Ball 1-0: Swinging Strike 1-1: Swinging Strike 1-2: Ball 2-2: Foul Ball, location: 2F 2-2: Hit by Pitch Ike Trout to second
|
Batting: RHB J.J. Powers
|
0-0: Called Strike 0-1: Called Strike 0-2: Ball 1-2: Strikes out looking
|
Batting: RHB Zheng-ze King
|
0-0: Fly out, F7 (Flyball, 7LS, EV 85.6 MPH)
|
Batting: RHB Shigem Kubo
|
0-0: Called Strike 0-1: Called Strike 0-2: Foul Ball, location: 2F 0-2: Ball 1-2: Foul Ball, location: 2F 1-2: Ball 2-2: Foul Ball, location: 2F 2-2: Ball 3-2: Base on Balls Ike Trout to third Kevin Howard to second
|
Batting: RHB Liangde Li
|
0-0: Foul Ball, location: 2F 0-1: Hit by Pitch Ike Trout scores Kevin Howard to third Shigem Kubo to second
|
Batting: RHB Yasuhide Kasahara
|
0-0: Called Strike 0-1: Called Strike 0-2: Ball 1-2: Strikes out looking
|
Bottom of the 3rd over - 1 run, 1 hit, 0 errors, 3 left on base; Colorado 0 - Atlanta 4 |
TOP OF THE 4TH |
Colorado Rockies batting - Pitching for Atlanta Braves : LHP Nolan Stefanski
|
Batting: RHB Cesar Breceda
|
0-0: Ball 1-0: Ball 2-0: Called Strike 2-1: Foul Ball, location: 2F 2-2: Ball 3-2: Strikes out looking
|
Batting: RHB Henry Alvizo
|
0-0: Swinging Strike 0-1: SOLO HOME RUN (Flyball, 9LD, EV 95.6 MPH), Distance : 352 ft
|
Batting: SHB Andy Vivas
|
0-0: Ball 1-0: Ball 2-0: Called Strike 2-1: Ball 3-1: Foul Ball, location: 2F 3-2: Strikes out swinging
|
Batting: LHB Shawn Morrison
|
0-0: Ball 1-0: Ball 2-0: Ground out 5-3 (Groundball, 56S, EV 81.9 MPH)
|
Top of the 4th over - 1 run, 1 hit, 0 errors, 0 left on base; Colorado 1 - Atlanta 4 |
BOTTOM OF THE 4TH |
Atlanta Braves batting - Pitching for Colorado Rockies : RHP Sean Parks
|
Batting: SHB Floyd-William Goof
|
0-0: Called Strike 0-1: Called Strike 0-2: Strikes out swinging
|
Batting: LHB Erik Gretzky
|
0-0: Called Strike 0-1: Foul Ball, location: 2F 0-2: DOUBLE (Line Drive, 3D, EV 103.8 MPH)
|
Batting: RHB Ike Trout
|
0-0: Ball 1-0: Ball 2-0: Ball 3-0: Base on Balls
|
Batting: RHB Kevin Howard
|
0-0: Ball 1-0: Called Strike 1-1: Called Strike 1-2: Ball 2-2: Strikes out looking
|
Pitching: RHP Jaden Mackey
|
|
Batting: RHB J.J. Powers
|
0-0: Ball 1-0: Ball 2-0: Ball 3-0: Called Strike 3-1: Base on Balls Erik Gretzky to third Ike Trout to second
|
Batting: RHB Zheng-ze King
|
0-0: Ball 1-0: SINGLE (Groundball, 6D, EV 98.8 MPH) Erik Gretzky scores Ike Trout to third J.J. Powers to second Runner from 3rd tries for Home, SAFE, throw by LF to home
|
Batting: RHB Shigem Kubo
|
0-0: SINGLE (Flyball, 8LS, EV 91.2 MPH) J.J. Powers to third Zheng-ze King to second Runner from 3rd tries for Home, SAFE, throw by CF to home
|
Batting: RHB Liangde Li
|
0-0: Called Strike 0-1: Foul Ball, location: 2F 0-2: Ball 1-2: Foul Ball, location: 2F 1-2: Foul Ball, location: 2F 1-2: Ball 2-2: Ground out 5-3 (Groundball, 56S, EV 88.8 MPH)
|
Bottom of the 4th over - 3 runs, 3 hits, 0 errors, 2 left on base; Colorado 1 - Atlanta 7 |
TOP OF THE 5TH |
Colorado Rockies batting - Pitching for Atlanta Braves : LHP Nolan Stefanski
|
Batting: SHB Jon Munoz
|
0-0: Swinging Strike 0-1: Swinging Strike 0-2: Ball 1-2: Ball 2-2: Strikes out looking
|
Batting: LHB Bi-jun Chien
|
0-0: Called Strike 0-1: Ball 1-1: Foul Ball, location: 2F 1-2: Ground out 4-3 (Groundball, 4, EV 85.0 MPH)
|
Batting: LHB Andy Bowman
|
0-0: Ball 1-0: Called Strike 1-1: Ground out 1-3 (Groundball, 34S, EV 63.1 MPH)
|
Top of the 5th over - 0 runs, 0 hits, 0 errors, 0 left on base; Colorado 1 - Atlanta 7 |
BOTTOM OF THE 5TH |
Atlanta Braves batting - Pitching for Colorado Rockies : RHP Jaden Mackey
|
Batting: RHB Yasuhide Kasahara
|
0-0: Ball 1-0: Ball 2-0: Called Strike 2-1: Ball 3-1: Base on Balls
|
Batting: SHB Floyd-William Goof
|
0-0: TRIPLE (Line Drive, 89D, EV 107.5 MPH) Yasuhide Kasahara scores
|
Batting: LHB Erik Gretzky
|
0-0: Ball 1-0: Fly out, F8 (Flyball, 8RD, EV 82.5 MPH) Runner from 3rd tags up, SCORES, throw by CF
|
Batting: RHB Ike Trout
|
0-0: Ball 1-0: Foul Ball, location: 2F 1-1: Called Strike 1-2: Strikes out swinging
|
Batting: RHB Kevin Howard
|
0-0: Ball 1-0: Ball 2-0: Ball 3-0: Called Strike 3-1: Base on Balls
|
Batting: RHB J.J. Powers
|
0-0: Foul Ball, location: 2F 0-1: Called Strike 0-2: Strikes out swinging
|
Bottom of the 5th over - 2 runs, 1 hit, 0 errors, 1 left on base; Colorado 1 - Atlanta 9 |
TOP OF THE 6TH |
Colorado Rockies batting - Pitching for Atlanta Braves : LHP Nolan Stefanski
|
Batting: SHB Eddie Quinones
|
0-0: Called Strike 0-1: Called Strike 0-2: Ball 1-2: Ball 2-2: Ball 3-2: Foul Ball, location: 2F 3-2: SINGLE (Groundball, 25, EV 75.6 MPH) (infield hit)
|
Batting: LHB Freddy Troncoso
|
0-0: Called Strike 0-1: Ball 1-1: Ball 2-1: Ball 3-1: Foul Ball, location: 2F 3-2: Ground out 6-3 (Groundball, 6, EV 101.9 MPH) Eddie Quinones to second
|
Batting: RHB Cesar Breceda
|
0-0: Called Strike 0-1: Called Strike 0-2: Ball 1-2: Strikes out swinging
|
Batting: RHB Henry Alvizo
|
0-0: Called Strike 0-1: Ball 1-1: Foul Ball, location: 2F 1-2: Foul Ball, location: 2F 1-2: Strikes out looking
|
Top of the 6th over - 0 runs, 1 hit, 0 errors, 1 left on base; Colorado 1 - Atlanta 9 |
BOTTOM OF THE 6TH |
Atlanta Braves batting - Pitching for Colorado Rockies : RHP Jaden Mackey
|
Batting: RHB Zheng-ze King
|
0-0: Ball 1-0: Called Strike 1-1: Foul Ball, location: 2F 1-2: Ball 2-2: Ball 3-2: SINGLE (Groundball, 6MS, EV 71.2 MPH) (infield hit)
|
Batting: RHB Shigem Kubo
|
0-0: Ball 1-0: Ball 2-0: Ball 3-0: Called Strike 3-1: Swinging Strike 3-2: Strikes out looking
|
Pitching: LHP Parker Martinet
|
|
Batting: RHB Liangde Li
|
0-0: Called Strike 0-1: Called Strike 0-2: Grounds into double play, 5-4-3 (Groundball, 56, EV 100.0 MPH)
|
Bottom of the 6th over - 0 runs, 1 hit, 0 errors, 0 left on base; Colorado 1 - Atlanta 9 |
TOP OF THE 7TH |
Colorado Rockies batting - Pitching for Atlanta Braves : LHP Nolan Stefanski
|
Batting: SHB Andy Vivas
|
0-0: Foul Ball, location: 2F 0-1: Ball 1-1: Ground out U3 (Groundball, 3L, EV 104.4 MPH)
|
Batting: LHB Shawn Morrison
|
0-0: Called Strike 0-1: Fly out, F5 (Popup, 56S, EV 68.1 MPH)
|
Batting: SHB Jon Munoz
|
0-0: Ball 1-0: Swinging Strike 1-1: Ground out 3-1 (Groundball, 13, EV 83.1 MPH)
|
Top of the 7th over - 0 runs, 0 hits, 0 errors, 0 left on base; Colorado 1 - Atlanta 9 |
BOTTOM OF THE 7TH |
Atlanta Braves batting - Pitching for Colorado Rockies : LHP Parker Martinet
|
Batting: RHB Yasuhide Kasahara
|
0-0: Ball 1-0: Ball 2-0: Called Strike 2-1: Ground out 5-3 (Groundball, 56, EV 82.5 MPH)
|
Batting: SHB Floyd-William Goof
|
0-0: Called Strike 0-1: Ground out 3-1 (Groundball, 34, EV 86.9 MPH)
|
Batting: LHB Erik Gretzky
|
0-0: Called Strike 0-1: Ball 1-1: Foul Ball, location: 2F 1-2: Ground out U3 (Groundball, 3, EV 106.2 MPH)
|
Bottom of the 7th over - 0 runs, 0 hits, 0 errors, 0 left on base; Colorado 1 - Atlanta 9 |
TOP OF THE 8TH |
Colorado Rockies batting - Pitching for Atlanta Braves : LHP Nolan Stefanski
|
Pitching: RHP Tim Kull
|
|
Batting: LHB Bi-jun Chien
|
0-0: Ball 1-0: Called Strike 1-1: Called Strike 1-2: Foul Ball, location: 2F 1-2: Strikes out swinging
|
Pinch Hitting: LHB Greg Valenzuela
|
0-0: Ball 1-0: Fly out, F9 (Line Drive, 89M, EV 90.0 MPH)
|
Batting: SHB Eddie Quinones
|
0-0: Ball 1-0: Called Strike 1-1: Fly out, F8 (Line Drive, 8LS, EV 95.0 MPH)
|
Top of the 8th over - 0 runs, 0 hits, 0 errors, 0 left on base; Colorado 1 - Atlanta 9 |
BOTTOM OF THE 8TH |
Atlanta Braves batting - Pitching for Colorado Rockies : LHP Parker Martinet
|
Now in RF: Greg Valenzuela
|
|
Batting: RHB Ike Trout
|
0-0: Ball 1-0: Called Strike 1-1: Fly out, F9 (Line Drive, 9D, EV 91.2 MPH)
|
Batting: RHB Kevin Howard
|
0-0: Ball 1-0: Swinging Strike 1-1: Ball 2-1: Ball 3-1: Base on Balls
|
Batting: RHB J.J. Powers
|
0-0: Ball 1-0: Ball 2-0: Called Strike 2-1: Ball 3-1: Called Strike 3-2: Base on Balls Kevin Howard to second
|
Batting: RHB Zheng-ze King
|
0-0: Ball 1-0: Called Strike 1-1: Ball 2-1: Fly out, F6 (Popup, 6S, EV 75.0 MPH)
|
Batting: RHB Shigem Kubo
|
0-0: Swinging Strike 0-1: Called Strike 0-2: Foul Ball, location: 2F 0-2: Ball 1-2: Ball 2-2: SINGLE (Flyball, 8RS, EV 97.5 MPH) Kevin Howard to third J.J. Powers to second Runner from 3rd tries for Home, SAFE, throw by CF to home
|
Pitching: RHP Tye Dickinson
|
|
Batting: RHB Liangde Li
|
0-0: Foul Ball, location: 2F 0-1: Foul Ball, location: 2F 0-2: Strikes out looking
|
Bottom of the 8th over - 1 run, 1 hit, 0 errors, 2 left on base; Colorado 1 - Atlanta 10 |
TOP OF THE 9TH |
Colorado Rockies batting - Pitching for Atlanta Braves : RHP Tim Kull
|
Batting: LHB Freddy Troncoso
|
0-0: Ball 1-0: Foul Ball, location: 2F 1-1: Swinging Strike 1-2: Strikes out looking
|
Pinch Hitting: RHB Eduardo Camacho
|
0-0: Swinging Strike 0-1: Ball 1-1: Called Strike 1-2: Ground out U3 (Groundball, 3, EV 88.8 MPH)
|
Batting: RHB Henry Alvizo
|
0-0: Called Strike 0-1: Ball 1-1: Called Strike 1-2: Foul Ball, location: 2F 1-2: Foul Ball, location: 2F 1-2: Foul Ball, location: 2F 1-2: Ball 2-2: Foul Ball, location: 2F 2-2: Strikes out swinging
|
Top of the 9th over - 0 runs, 0 hits, 0 errors, 0 left on base; Colorado 1 - Atlanta 10 |
|